 Dungeon Crawl Stone Soup version 0.23-a0-396-g5214e5f (webtiles) character file.

40 Cryolive the Digger (level 3, -8/20 HPs)
             Began as a Gargoyle Earth Elementalist on Nov 2, 2018.
             Mangled by Sigmund
             ... wielding a +1 antimagic scythe
              (10 damage)
             ... on level 2 of the Dungeon.
             The game lasted 00:02:20 (1055 turns).

Cryolive the Digger (Gargoyle Earth Elementalist)   Turns: 1055, Time: 00:02:21

Health: -8/20      AC:  5    Str: 11    XL:     3   Next: 50%
Magic:  1/6        EV: 12    Int: 16    God:
Gold:   70         SH:  0    Dex: 10    Spells: 2/6 levels left

rFire    . . .     SeeInvis .   l - +0 whip
rCold    . . .     Gourm    .   (no shield)
rNeg     + . .     Faith    .   c - +0 robe
rPois    ∞         Spirit   .   (no helmet)
rElec    +         Reflect  .   (no cloak)
rCorr    .         Harm     .   (no gloves)
MR       .....                  (no boots)
Stlth    ++........             (no amulet)
HPRegen  0.06/turn              (no ring)
MPRegen  0.10/turn              (no ring)

@: no status effects
A: negative energy resistance 1, electricity resistance, unbreathing,
petrification resistance, rot immunity, AC +3
a: no special abilities


You were on level 2 of the Dungeon.
You were not hungry.

You visited 1 branch of the dungeon, and saw 2 of its levels.

You collected 70 gold pieces.

Inventory:

Hand Weapons
 l - a +0 whip (weapon)
Missiles
 b - 88 stones (quivered)
Armour
 c - a +0 robe (worn)
Scrolls
 e - 2 scrolls of amnesia {unknown}
 g - a scroll of enchant weapon {unknown}
 k - 2 scrolls of enchant armour {unknown}
Potions
 a - a potion of ambrosia {unknown}
 f - a potion of curing {unknown}
 i - 2 potions of might {unknown}
 j - a potion of resistance {unknown}
 m - 3 potions of lignification {unknown}
Comestibles
 d - 3 rations
 h - 3 chunks of flesh


   Skills:
 + Level 1.2 Fighting
 + Level 1.2 Armour
 + Level 2.0 Dodging
 - Level 2.1 Stealth
 + Level 2.3 Spellcasting
 + Level 0.2 Conjurations
   Level 0.7 Transmutations
 + Level 4.0 Earth Magic


You had 2 spell levels left.
You knew the following spells:

 Your Spells              Type           Power        Failure   Level  Hunger
a - Sandblast             Erth           ##....       3%          1    #......
b - Stone Arrow           Conj/Erth      #.....       26%         3    ###....

Your spell library contained the following spells:

 Spells                   Type           Power        Failure   Level  Hunger
 Passwall                 Tmut/Erth      #.......     12%         2    ###....
 Petrify                  Tmut/Erth      #.......     58%         4    #####..
 Lee's Rapid Deconstruct  Erth           ##........   71%         5    ######.


Dungeon Overview and Level Annotations

Branches:
Dungeon (2/15)

Altars:

Annotations:
D:2 Sigmund


Innate Abilities, Weirdness & Mutations

You are resistant to torment.
Your stone body is resilient. (AC +3)
You are immune to poison.
You resist negative energy. (rN+)
You are resistant to electric shocks. (rElec)
You can survive without breathing.
You are immune to petrification.
You are immune to rotting.


Message History

Press: ? - help, Shift-Dir - straight line, f/p - jackal
Aim: a jackal (severely wounded)
The blast of sand hits the jackal.
You kill the jackal!
b - 89 stones A magic dart appears from out of thin air!
The magic dart hits you!
* * * LOW HITPOINT WARNING * * *
Casting: Sandblast (safe; 3% risk of failure)
Confirm with . or Enter, or press ? or * to list all spells.
Aiming: Sandblast (safe; 3% risk of failure)
Press: ? - help, Shift-Dir - straight line, f - giant cockroach
Aim: a giant cockroach (clinging)
The blast of sand hits the giant cockroach.
You kill the giant cockroach!
Your Dodging skill increases to level 2!
b - 88 stones Something hits you!
Ouch! That really hurt!
You die...

....... #....# +....#
####....#######
....(..†'.....#
#.......#####.##
#.##....# #..# #.......#
##.# #######@# #.#
####### #.....#†# #.#
....... #.##..{h#
#.##....... #..K..
#..#....... .h...###
##.#......
r..h##.#########..#######
.... ....................
... ###########.....##...
... #.....##.##


You could see a jackal and a kobold.

Vanquished Creatures
  An adder (D:2)
  2 worms (D:2)
  A leopard gecko (D:1)
  A giant cockroach (D:2)
  2 goblins (D:1)
  4 hobgoblins
  5 jackals
  2 bats
  3 kobolds
  A rat (D:1)
22 creatures vanquished.

Notes
Turn   | Place    | Note
-------+----------+-------------------------------------------
     0 | D:1      | Cryolive the Gargoyle Earth Elementalist began the quest
                  | for the Orb.
     0 | D:1      | Reached XP level 1. HP: 10/10 MP: 3/3
   195 | D:1      | Reached XP level 2. HP: 10/16 MP: 1/5
   794 | D:2      | Reached skill level 1 in Fighting
   794 | D:2      | Reached skill level 1 in Armour
   794 | D:2      | Reached XP level 3. HP: 15/20 MP: 4/6
   799 | D:2      | Learned a level 3 spell: Stone Arrow
   958 | D:2      | Reached skill level 4 in Earth Magic
  1041 | D:2      | Noticed Sigmund
  1055 | D:2      | Mangled by Sigmund

Vault maps used:
D:1:      elethiomel_arrival_infinity_welcomes_careful_drivers, hex_large
D:2:      kennysheep_vampire_church, zin_angel, hangedman_decor_points,
          minmay_close_crescents, uniq_sigmund

Skill      XL: |  1  2  3 |
---------------+----------+-----
Fighting       | 1 |  1.2
Armour         | 1 |  1.2
Earth Magic    | 4 |  4.0
Dodging        | 2 |  2.0
Stealth        | |  2.1
Spellcasting   | |  2.3
Conjurations   | |  0.2
Transmutations | |  0.7

Action                   || total
-------------------------++-------
Melee: Unarmed           ||    24
       Dagger            ||    11
       Whip              ||    66
 Cast: Sandblast         ||    13
 Stab: Sleeping          ||     3
  Eat: Chunk             ||     1
Armor: Robe              ||    31
Dodge: Dodged            ||    81

Table legend:
 A = Non-vault XP
 B = Vault XP
 C = Vault XP percentage of total XP
 D = Non-vault monster count
 E = Vault monster count
 F = Vault count percentage of total count
                 A         B        C        D         E       F
            +---------+---------+-------+---------+---------+-------
      Total |      58 |       0 |   0.0 |      22 |       0 |   0.0
            +---------+---------+-------+---------+---------+-------
        D:1 |      19 |       0 |   0.0 |      11 |       0 |   0.0
        D:2 |      39 |       0 |   0.0 |      11 |       0 |   0.0
            +---------+---------+-------+---------+---------+-------
